[Event "Titled Tuesday Blitz February 21 Early 2023"]
[White "Ordekalog"]
[Black "Lagno, Kateryna"]
[BlackFideId "14109336"]
[WhiteElo "2560"]
[BlackElo "2558"]
[Result "1/2-1/2"]
[Round "09"]
[TimeControl "180+2"]
[Date "2023.02.21"]
[WhiteClock "0:00:05"]
[BlackClock "0:00:50"]

1. e4 e5 2. Nf3 Nc6 3. Bb5 a6 4. Bxc6 dxc6 5. O-O Qf6 6. d4 exd4 7. Qxd4 Qxd4 8. Nxd4 Bd7 9. Be3 O-O-O 10. Nd2 c5 11. Ne2 b6 12. f3 Ne7 13. a4 Nc6 14. c3 f5 15. Bf4 Be7 16. exf5 Bxf5 17. Ne4 Rhe8 18. N2g3 Be6 19. Rfe1 Bg8 20. Nf5 Bf8 21. Bg5 Ne7 22. Bxe7 Bxe7 23. Nxg7 Rf8 24. a5 Kb7 25. Nh5 Kc6 26. axb6 Kxb6 27. Nhg3 Rd7 28. Nf2 Bc4 29. Nge4 Kc6 30. Ng4 Bd6 31. Nd2 Bd3 32. Nf2 Bg6 33. Rxa6+ Kb7 34. Rea1 Bxh2+ 35. Kxh2 Rxd2 36. Ra7+ Kc6 37. R1a6+ Kd7 38. Ng4 Rf5 39. Nf6+ Kc8 40. Ra8+ Kb7 41. R8a7+ Kb8 42. Ra8+ Kb7 43. R8a7+ Kb8 44. Ra8+ Kb7 1/2-1/2


[Site "https://www.chess.com"]

[Event "Titled Tuesday Blitz February 21 Early 2023"]
[White "Potapova, Margarita"]
[Black "Dehtiarov, Roman"]
[WhiteFideId "14126869"]
[BlackFideId "14186640"]
[WhiteElo "2104"]
[BlackElo "2289"]
[Result "1-0"]
[Round "09"]
[TimeControl "180+2"]
[Date "2023.02.21"]
[WhiteClock "0:01:06"]
[BlackClock "0:00:03"]

1. d4 Nf6 2. c4 e6 3. Nf3 b6 4. a3 Ba6 5. Qc2 c5 6. d5 Bb7 7. Nc3 d6 8. e4 e5 9. Be2 Be7 10. O-O O-O 11. Ne1 Nfd7 12. Nd3 Na6 13. b4 Nc7 14. Be3 g6 15. b5 f5 16. f4 exf4 17. Bxf4 Bf6 18. Bxd6 Bd4+ 19. Kh1 fxe4 20. Nxe4 Re8 21. Nc3 Nf6 22. Bg3 Qd7 23. Rae1 Re3 24. Bf2 Bxc3 25. Bxe3 Bxe1 26. Nxe1 Re8 27. Bh6 Ne4 28. Qxe4 a6 29. a4 a5 30. Qf4 Qe7 31. Nd3 1-0


[Site "https://www.chess.com"]

[Event "Titled Tuesday Blitz February 21 Early 2023"]
[White "Leiva, Gianmarco"]
[Black "Pinheiro, Iung Alicio de O."]
[WhiteFideId "3804399"]
[BlackFideId "2104350"]
[WhiteElo "2392"]
[BlackElo "2306"]
[Result "1-0"]
[Round "09"]
[TimeControl "180+2"]
[Date "2023.02.21"]
[WhiteClock "0:01:06"]
[BlackClock "0:00:22"]

1. e4 c5 2. Nf3 Nc6 3. Bb5 g6 4. O-O a6 5. Bxc6 bxc6 6. d4 Bg7 7. dxc5 Qa5 8. Bd2 Qxc5 9. Bc3 Nf6 10. Re1 O-O 11. Bd4 Qh5 12. e5 Nd5 13. Nbd2 Rb8 14. Ne4 h6 15. b3 Rd8 16. Qd2 Qf5 17. c4 Nc7 18. Qa5 Ne6 19. Ng3 Qg4 20. Re4 1-0


[Site "https://www.chess.com"]

[Event "Titled Tuesday Blitz February 21 Early 2023"]
[White "Bews, Steven"]
[Black "EREBUNI91"]
[WhiteFideId "2400529"]
[WhiteElo "2295"]
[BlackElo "2722"]
[Result "0-1"]
[Round "09"]
[TimeControl "180+2"]
[Date "2023.02.21"]
[WhiteClock "0:00:14"]
[BlackClock "0:01:00"]

1. e4 c5 2. Nf3 d6 3. d4 cxd4 4. Nxd4 Nf6 5. Nc3 a6 6. f3 e5 7. Nb3 Be6 8. Be3 h5 9. Qd2 Nbd7 10. O-O-O Rc8 11. Kb1 b5 12. Be2 Be7 13. g3 Qc7 14. Rc1 Nb6 15. Bxb6 Qxb6 16. f4 b4 17. Nd5 Bxd5 18. exd5 O-O 19. g4 hxg4 20. Rcg1 Ne4 21. Qd3 Nf2 22. Qg3 Nxh1 23. Qxg4 Bf6 24. Rxh1 Qf2 25. Rf1 Qe3 26. Qh5 e4 27. Nc1 Qd4 0-1


[Site "https://www.chess.com"]

[Event "Titled Tuesday Blitz February 21 Early 2023"]
[White "Costachi, Mihnea"]
[Black "Shapiro, Viktor"]
[WhiteFideId "1217518"]
[BlackFideId "4175700"]
[WhiteElo "2476"]
[BlackElo "2192"]
[Result "0-1"]
[Round "09"]
[TimeControl "180+2"]
[Date "2023.02.21"]
[WhiteClock "0:00:08"]
[BlackClock "0:00:20"]

1. Nc3 Nf6 2. e4 d5 3. e5 Nfd7 4. Nxd5 Nxe5 5. Nc3 c5 6. Nf3 Nbc6 7. Nxe5 Nxe5 8. d3 e6 9. Bf4 Ng6 10. Bg3 Bd7 11. Be2 Bc6 12. Bf3 Qd7 13. O-O Be7 14. Qe2 h5 15. h3 h4 16. Bh2 O-O 17. Bh5 Bf6 18. Bxg6 fxg6 19. Rae1 Rae8 20. Be5 b6 21. Qg4 g5 22. f4 Bxe5 23. fxe5 Qd4+ 24. Qxd4 cxd4 25. Ne2 Rd8 26. Nc1 Bd5 27. Nb3 Bxb3 28. axb3 Rd5 29. Rxf8+ Kxf8 30. Kf2 Rc5 31. Re2 Kf7 32. b4 Rb5 33. c3 Rd5 34. c4 Rd7 35. b5 Kg6 36. g4 hxg3+ 37. Kxg3 Kf5 38. b4 Rd8 39. Ra2 Rd7 40. c5 Kxe5 41. c6 Rf7 42. Kg4 Kd6 43. Kxg5 Rf5+ 44. Kg6 Rxb5 45. Rc2 Kc7 46. h4 Rxb4 47. Kxg7 Rb5 48. Kg6 Rb3 49. Rd2 Kxc6 50. h5 Rb1 51. Rg2 Rh1 52. h6 a5 53. h7 b5 54. Kg7 b4 55. Rg6 b3 56. Rh6 Rxh6 57. Kxh6 b2 58. h8=Q b1=Q 59. Qxd4 Qh1+ 60. Kg6 Qd5 61. Qc3+ Kb5 62. Qb2+ Kc6 63. Qc3+ Kb6 64. Qb2+ Ka6 65. Qc3 a4 66. Kf6 Qb3 67. Qc6+ Ka5 68. Qc5+ Qb5 69. Qa7+ Kb4 70. Qd4+ Kb3 71. Kxe6 a3 72. Qe3 a2 73. d4+ Kb2 74. Qd2+ Ka3 75. Qc1+ Qb2 76. Qc5+ Qb4 77. Qc1+ Kb3 78. d5 Qe4+ 79. Kd6 Qc2 80. Qe3+ Qc3 81. Qb6+ Kc2 82. Qf2+ Kb3 83. Qb6+ Qb4+ 84. Kc6 Qxb6+ 85. Kxb6 a1=Q 86. d6 Qd4+ 87. Kc7 Qc5+ 88. Kd7 Kc4 0-1


[Site "https://www.chess.com"]

[Event "Titled Tuesday Blitz February 21 Early 2023"]
[White "Kokoszczynski, Jan"]
[Black "Liyanage, Ranindu Dilshan"]
[WhiteFideId "1174460"]
[BlackFideId "9915834"]
[WhiteElo "2247"]
[BlackElo "2342"]
[Result "0-1"]
[Round "09"]
[TimeControl "180+2"]
[Date "2023.02.21"]
[WhiteClock "0:00:04"]
[BlackClock "0:00:18"]

1. e4 e5 2. Nf3 Nc6 3. Bc4 Nf6 4. d3 h6 5. c3 d6 6. O-O g5 7. Nbd2 g4 8. Ne1 h5 9. Nc2 Bh6 10. Re1 h4 11. Nf1 Bxc1 12. Rxc1 Nh5 13. Nce3 g3 14. Qf3 gxh2+ 15. Nxh2 Be6 16. Rcd1 Qg5 17. d4 Bxc4 18. Nxc4 Nf4 19. dxe5 dxe5 20. Ne3 Ne7 21. Qg4 Rg8 22. Qxg5 Rxg5 23. Nf3 Rh5 24. Ng4 Rh8 25. Nf6+ Kf8 26. Nxe5 Kg7 27. Nfg4 Rad8 28. a4 f6 29. Nf3 Rdg8 30. Rd7 Kf7 31. Ne3 Ke6 32. Rxc7 Nxg2 33. Nd4+ Kd6 34. Nb5+ Ke6 35. Nxg2 h3 36. Rd1 hxg2 0-1


[Site "https://www.chess.com"]

[Event "Titled Tuesday Blitz February 21 Early 2023"]
[White "Balabayeva, Xeniya"]
[Black "Csonka, Balazs"]
[WhiteFideId "13719688"]
[BlackFideId "742910"]
[WhiteElo "2191"]
[BlackElo "2496"]
[Result "0-1"]
[Round "09"]
[TimeControl "180+2"]
[Date "2023.02.21"]
[WhiteClock "0:00:01"]
[BlackClock "0:00:01"]

1. e4 e5 2. Nf3 Nc6 3. Bc4 Nf6 4. Nc3 Nxe4 5. Bxf7+ Kxf7 6. Nxe4 d5 7. Nfg5+ Ke8 8. Qh5+ g6 9. Qf3 Bf5 10. Qb3 Bxe4 11. Nxe4 dxe4 12. Qxb7 Kd7 13. O-O Bc5 14. Qb5 Qe7 15. c3 Qd6 16. Rd1 Rhf8 17. d4 exd4 18. cxd4 Bxd4 19. Be3 Rf5 20. Qa4 Ra5 21. Qxa5 Nxa5 22. Rxd4 Qxd4 23. Bxd4 a6 24. Rd1 Ke6 25. Bc3 Nc6 26. Kf1 a5 27. Ke2 a4 28. Ke3 a3 29. b3 Rf8 30. Rd2 Ne7 31. Kxe4 Nf5 32. Be5 c6 33. f4 Rb8 34. g4 Rb4+ 35. Kf3 Nh4+ 36. Kg3 g5 37. Rd6+ Ke7 38. f5 Re4 39. Re6+ Kf7 40. h3 Re3+ 41. Kf2 Rxh3 42. Rh6 Rf3+ 43. Ke2 Rh3 44. Rxh7+ Ke8 45. f6 Rf3 46. Bd6 Rxf6 47. Be5 Re6 0-1


[Site "https://www.chess.com"]

[Event "Titled Tuesday Blitz February 21 Early 2023"]
[White "Degenbaev, Aziz"]
[Black "Iskusnyh, Sergei"]
[WhiteFideId "13802640"]
[BlackFideId "4120027"]
[WhiteElo "2203"]
[BlackElo "2440"]
[Result "0-1"]
[Round "09"]
[TimeControl "180+2"]
[Date "2023.02.21"]
[WhiteClock "0:00:07"]
[BlackClock "0:00:15"]

1. e4 e6 2. d4 d5 3. Nc3 Nf6 4. e5 Nfd7 5. Nce2 c5 6. c3 Nc6 7. Nf3 Be7 8. a3 f6 9. Nf4 Nb6 10. Bd3 f5 11. h4 O-O 12. dxc5 Bxc5 13. Ng5 Qe8 14. Qe2 Nd7 15. Ngxe6 Ncxe5 16. Nxf8 Nxf8 17. O-O Bd7 18. Re1 Bd6 19. Nxd5 Nxd3 20. Qxe8 Rxe8 21. Rxe8 Bxe8 22. Be3 Bc6 23. Nb4 Nxb2 24. Nxc6 bxc6 25. Bxa7 Na4 26. Rd1 Be7 27. Bd4 c5 28. Be5 Kf7 29. f4 Ng6 30. Rd3 Nxe5 31. fxe5 Ke6 32. c4 Kxe5 33. Rd7 Ke6 34. Rb7 Bf6 35. g3 h6 36. Kg2 g5 37. h5 g4 38. Kf2 Bd4+ 39. Ke2 Kf6 40. Ra7 Nb2 41. Ra6+ Kg5 42. a4 Nxc4 43. Kd3 Ne5+ 44. Kc2 c4 45. a5 f4 46. gxf4+ Kxf4 47. Rd6 Be3 48. a6 g3 49. Rf6+ Kg5 50. Re6 Kf5 51. Re8 g2 52. Rf8+ Ke4 53. Rg8 Kf3 54. Rxg2 Kxg2 55. a7 Bxa7 56. Kc3 Ng4 57. Kb4 Kg3 58. Kxc4 Kh4 59. Kb5 Kxh5 60. Ka6 Kg5 61. Kb7 h5 62. Ka8 h4 0-1


[Site "https://www.chess.com"]

[Event "Titled Tuesday Blitz February 21 Early 2023"]
[White "Martic, Ivan"]
[Black "Shuvalova, Polina"]
[WhiteFideId "929301"]
[BlackFideId "24171760"]
[WhiteElo "2301"]
[BlackElo "2484"]
[Result "1/2-1/2"]
[Round "09"]
[TimeControl "180+2"]
[Date "2023.02.21"]
[WhiteClock "0:00:05"]
[BlackClock "0:00:12"]

1. e4 c6 2. d3 d5 3. Nd2 g6 4. Ngf3 Bg7 5. g3 e5 6. Bg2 Ne7 7. O-O O-O 8. Re1 Re8 9. b4 h6 10. Bb2 d4 11. c3 dxc3 12. Bxc3 Nd7 13. Nc4 Qc7 14. Qc2 c5 15. b5 Kh7 16. a4 f6 17. a5 Nf8 18. h4 h5 19. Bd2 Bg4 20. Nh2 Bd7 21. b6 axb6 22. axb6 Qc6 23. Na5 Qc8 24. Rec1 Ne6 25. Nf3 Rd8 26. Qb3 Nc6 27. Nc4 Ncd4 28. Nxd4 Nxd4 29. Qd1 Be6 30. Rxa8 Qxa8 31. Ra1 Qc8 32. Ra7 Nb5 33. Ra5 Qc6 34. Qb1 Nd6 35. Nxd6 Rxd6 36. Ra7 Qxb6 37. Rxb7 Qxb1+ 38. Rxb1 Rxd3 39. Be3 c4 40. Bf1 Rd7 41. Rc1 Rc7 42. Bd2 Bf8 43. Be2 Bc5 44. Kf1 Bd4 45. Bc3 Kg7 46. Ke1 Kf7 47. f3 Be3 48. Bd2 Bd4 49. Bc3 f5 50. exf5 gxf5 51. f4 Bxc3+ 52. Rxc3 exf4 53. Bxh5+ Kf6 54. gxf4 Rh7 55. Be2 Rxh4 56. Bxc4 Rxf4 57. Bxe6 Kxe6 58. Ke2 Kf6 59. Ra3 Rb4 60. Rc3 Kg5 61. Kf2 Kg4 62. Ra3 f4 63. Rc3 Rb2+ 64. Kf1 Ra2 65. Rb3 Rc2 66. Ra3 Rb2 67. Rc3 Ra2 68. Rb3 f3 69. Rb8 1/2-1/2


[Site "https://www.chess.com"]

[Event "Titled Tuesday Blitz February 21 Early 2023"]
[White "Bon, Michael"]
[Black "Vaibhav Jayant Raut"]
[WhiteFideId "620696"]
[BlackFideId "5089034"]
[WhiteElo "2394"]
[BlackElo "2237"]
[Result "1-0"]
[Round "09"]
[TimeControl "180+2"]
[Date "2023.02.21"]
[WhiteClock "0:00:07"]
[BlackClock "0:00:10"]

1. e4 c5 2. Nf3 Nc6 3. d4 cxd4 4. Nxd4 Nf6 5. Nc3 e5 6. Ndb5 d6 7. Bg5 a6 8. Na3 b5 9. Bxf6 gxf6 10. Nd5 Bg7 11. c3 f5 12. exf5 Bxf5 13. Nc2 O-O 14. Nce3 Be6 15. Bd3 f5 16. O-O Ne7 17. Nxe7+ Qxe7 18. Bxf5 Bxf5 19. Nxf5 Qe6 20. Qd5 Qxd5 21. Ne7+ Kf7 22. Nxd5 Rac8 23. a4 Ke6 24. Rfd1 Rc5 25. Nb4 bxa4 26. Nxa6 Ra5 27. Nc7+ Kd7 28. Rd5 Rxd5 29. Nxd5 Rb8 30. Rxa4 Rxb2 31. g3 Ke6 32. Ne3 Bh6 33. Rh4 Bxe3 34. fxe3 Re2 35. e4 h5 36. Kf1 Re3 37. Kf2 Rxc3 38. Rxh5 Rc2+ 39. Kf3 Kd7 40. Rh7+ Kc6 41. h4 Rc3+ 42. Kf2 Rc2+ 43. Kf3 Rc3+ 44. Kg4 Re3 45. h5 Rxe4+ 46. Kf5 Re1 47. h6 Kd5 48. Re7 e4 49. h7 Rh1 50. Kg6 Kd4 51. Kg7 Rg1 52. h8=Q Rxg3+ 53. Kf6 Kd5 54. Kf5 Rf3+ 55. Kg4 Re3 56. Qa8+ Kd4 57. Qa7+ Kd3 58. Qa3+ Ke2 59. Qxd6 Kf1 60. Qd1+ Kg2 61. Rf7 Rg3+ 62. Kh5 Rh3+ 63. Kg6 Rg3+ 64. Kf6 e3 65. Qe2+ Kg1 66. Rg7 Kh1 67. Rh7+ Kg1 68. Qh2+ Kf1 69. Qxg3 Ke2 70. Rh2+ Kf1 71. Qf3+ Kg1 72. Qg2# 1-0


[Site "https://www.chess.com"]

[Event "Titled Tuesday Blitz February 21 Early 2023"]
[White "Rosen, Eric"]
[Black "Abdilkhair, Abilmansur"]
[WhiteFideId "2032562"]
[BlackFideId "13716417"]
[WhiteElo "2349"]
[BlackElo "2268"]
[Result "1-0"]
[Round "09"]
[TimeControl "180+2"]
[Date "2023.02.21"]
[WhiteClock "0:00:06"]
[BlackClock "0:00:03"]

1. d4 Nf6 2. Bf4 e6 3. e3 Be7 4. Nf3 O-O 5. Nbd2 c5 6. c3 Nc6 7. Bd3 Nh5 8. Bg3 b6 9. Ne5 Nf6 10. Nxc6 dxc6 11. Qf3 Bb7 12. Nc4 cxd4 13. exd4 Qd5 14. Qe2 c5 15. Ne3 Qh5 16. dxc5 Bxc5 17. f3 Rfd8 18. Bf2 Nd5 19. Nxd5 Qxd5 20. Be4 Bxf2+ 21. Qxf2 Qe5 22. O-O Bxe4 23. fxe4 Rd7 24. Rad1 Qc7 25. Rd4 Rad8 26. Rfd1 e5 27. Rd5 f6 28. Qd2 Rxd5 29. exd5 Qc5+ 30. Kh1 Rd6 31. b3 e4 32. c4 h6 33. Re1 f5 34. h3 Rd8 35. Qc2 Qd4 36. Rf1 Qe5 37. Qf2 Rf8 38. Qf4 Qb2 39. Qf2 Qc3 40. Qe2 e3 41. Rd1 f4 42. Kg1 Qe5 43. Rf1 Qg5 44. Qf3 Qe5 45. Re1 Re8 46. Re2 Qa1+ 47. Kh2 Qd4 48. Qg4 Qe5 49. Qf3 Qd6 50. Re1 Qe5 51. Qe2 Kh8 52. Qf3 Qd6 53. Re2 Qe5 54. Kg1 Qd4 55. Kh1 Qd1+ 56. Kh2 Qd4 57. h4 Qe5 58. Kh3 Qf5+ 59. g4 Qd3 60. Kg2 Qb1 61. Qxf4 Qg6 62. Qf3 Qf6 63. Qxf6 gxf6 64. Kf3 Rg8 65. Rxe3 Rd8 66. Re6 Kg7 67. Re7+ Kg6 68. Kf4 Rd6 69. h5# 1-0


[Site "https://www.chess.com"]

[Event "Titled Tuesday Blitz February 21 Early 2023"]
[White "Sadubayev, Airat"]
[Black "UNSTOPPABLE_LEGEND"]
[WhiteFideId "13713264"]
[WhiteElo "2320"]
[BlackElo "2437"]
[Result "1-0"]
[Round "09"]
[TimeControl "180+2"]
[Date "2023.02.21"]
[WhiteClock "0:00:11"]
[BlackClock "0:00:24"]

1. d4 Nf6 2. c4 g6 3. Nc3 Bg7 4. e4 d6 5. f3 O-O 6. Be3 c5 7. Nge2 Nc6 8. b3 Qa5 9. Qd2 a6 10. Rd1 b5 11. Nd5 Nxd5 12. cxd5 Qxd2+ 13. Rxd2 Nxd4 14. Nxd4 cxd4 15. Bxd4 Bd7 16. Bxg7 Kxg7 17. Rc2 Rfc8 18. Bd3 Kf6 19. Kd2 Ke5 20. Ke3 g5 21. g3 Rxc2 22. f4+ Kf6 23. Bxc2 Rc8 24. Bd3 Bh3 25. Ra1 e5 26. f5 Rb8 27. Rc1 Rb6 28. a4 b4 29. Rc6 Rxc6 30. dxc6 Ke7 31. Bxa6 Kd8 32. Kf2 Kc7 33. Bb5 Kb6 34. a5+ Kc7 35. a6 Kb6 36. Bc4 f6 37. Bb5 Bg4 38. Ke3 Bh5 39. Kd3 Bf7 40. Bc4 Be8 41. Bd5 Bxc6 42. Bxc6 Kxc6 43. Kc4 Kb6 44. Kxb4 Kxa6 45. Kc4 Kb6 46. Kd5 Kc7 47. g4 Kd7 48. b4 Kc7 49. b5 h6 50. Ke6 Kb6 51. Kxf6 Kxb5 52. Ke6 Kc5 53. f6 d5 54. f7 d4 55. f8=Q+ Kc4 56. Kxe5 d3 57. Qd6 Kc3 58. Kf5 d2 59. e5 Kc2 60. e6 d1=Q 61. Qxd1+ Kxd1 62. e7 Ke2 63. e8=Q+ Kf3 64. Qh5 Kg2 65. Qxh6 Kf3 66. Kxg5 Kg2 67. Qh4 Kf3 68. Qg3+ Ke4 69. h4 Kd5 70. Kf5 Kc6 71. Qd3 Kc5 72. Ke5 Kc6 73. Qc4+ Kd7 74. Qc5 Kd8 75. Ke6 Ke8 76. Qc8# 1-0


[Site "https://www.chess.com"]

[Event "Titled Tuesday Blitz February 21 Early 2023"]
[White "Zaksaite, Salomeja"]
[Black "Fiorito, Joaquin"]
[WhiteFideId "12801496"]
[BlackFideId "180173"]
[WhiteElo "2283"]
[BlackElo "2405"]
[Result "0-1"]
[Round "09"]
[TimeControl "180+2"]
[Date "2023.02.21"]
[WhiteClock "0:00:01"]
[BlackClock "0:01:44"]

1. d4 Nf6 2. Nc3 d5 3. Bf4 a6 4. e3 b5 5. Bd3 e6 6. g4 c5 7. g5 Nfd7 8. Nf3 Nc6 9. h4 Bb7 10. a3 Qb6 11. Qd2 Be7 12. Be5 Ndxe5 13. dxe5 c4 14. Be2 b4 15. Na4 Qc7 16. axb4 Bxb4 17. c3 Be7 18. e4 dxe4 19. Nd4 Nxe5 20. O-O-O Bd5 21. Rhf1 Qa5 22. Qc2 Nd3+ 23. Bxd3 exd3 0-1


[Site "https://www.chess.com"]

[Event "Titled Tuesday Blitz February 21 Early 2023"]
[White "Pranav, V"]
[Black "Andrews, Todd"]
[WhiteFideId "25060783"]
[BlackFideId "2012456"]
[WhiteElo "2597"]
[BlackElo "2220"]
[Result "1-0"]
[Round "09"]
[TimeControl "180+2"]
[Date "2023.02.21"]
[WhiteClock "0:00:52"]
[BlackClock "0:00:02"]

1. Nf3 Nf6 2. d4 g6 3. e3 Bg7 4. b3 O-O 5. Bb2 d6 6. Be2 Nbd7 7. O-O b6 8. c4 Bb7 9. Nc3 Qe8 10. Qc2 a6 11. Rfe1 e5 12. dxe5 dxe5 13. Rad1 Qe7 14. Qc1 Rfe8 15. Ba3 Nc5 16. Nd5 Nxd5 17. cxd5 e4 18. Nd4 Bf8 19. Bb2 Rad8 20. Nc6 Bxc6 21. Qc3 f6 22. dxc6 Bg7 23. b4 Ne6 24. Bc4 Kh8 25. Bxa6 f5 26. Qb3 h5 27. Bc4 Bxb2 28. Qxb2+ Kh7 29. Rxd8 Rxd8 30. Qe5 Rd6 31. Bd5 h4 32. h3 Qe8 33. a4 Ng7 34. Qxe8 Nxe8 35. Bc4 Rxc6 36. Bb5 Re6 37. Rc1 Re7 38. a5 Nd6 39. Bc6 bxa5 40. bxa5 Nc8 41. a6 Na7 42. Bb7 Rd7 43. Kf1 Kg7 44. f3 exf3 45. gxf3 Kf6 46. f4 g5 47. Ke2 g4 48. hxg4 fxg4 49. e4 h3 50. e5+ Ke7 51. f5 g3 52. Bf3 g2 53. Ke3 c5 54. Kf4 Rd4+ 55. Kg3 Rd3 56. Kf2 Rd2+ 57. Ke3 h2 58. f6+ Ke6 59. Bxg2 Rxg2 60. Rh1 Kf7 61. Kf3 Rd2 62. Ke4 Rb2 63. Kf5 Rf2+ 64. Ke4 Nc6 65. Kd5 Nd4 66. a7 Ra2 67. Rxh2 1-0


[Site "https://www.chess.com"]

[Event "Titled Tuesday Blitz February 21 Early 2023"]
[White "Manukyan, Sargis A."]
[Black "Ivic, Velimir"]
[WhiteFideId "13303970"]
[BlackFideId "950122"]
[WhiteElo "2158"]
[BlackElo "2595"]
[Result "0-1"]
[Round "09"]
[TimeControl "180+2"]
[Date "2023.02.21"]
[WhiteClock "0:00:07"]
[BlackClock "0:00:05"]

1. d4 Nf6 2. c4 g6 3. Nc3 Bg7 4. Nf3 d6 5. h3 O-O 6. Bf4 b6 7. e3 Bb7 8. Be2 Nbd7 9. O-O Ne4 10. Nxe4 Bxe4 11. Nd2 Bb7 12. Qc2 e5 13. dxe5 Nxe5 14. Rfd1 Qe7 15. Rac1 a5 16. b3 Rfe8 17. a3 f5 18. b4 axb4 19. axb4 Qf7 20. c5 Ra2 21. Qb1 Bd5 22. cxd6 cxd6 23. Bxe5 dxe5 24. Bc4 Rxd2 25. Rxd2 Bxc4 26. Rcd1 Be6 27. Qc2 f4 28. Qc6 fxe3 29. fxe3 Bh6 30. Qxb6 Bg5 31. Rf1 Qe7 32. Rdf2 Bc4 33. Rc1 Qe6 34. Qc5 Rc8 35. Qa7 Qd5 36. Rfc2 Qd3 37. Rc3 Qe4 38. Kh1 Bd8 39. Qd7 Bd5 40. Qxd5+ Qxd5 41. Rxc8 Kg7 42. b5 Bb6 43. Rb8 Bxe3 44. Rf1 Qd3 45. Re1 Bf2 46. Rf1 Qxf1+ 47. Kh2 Qg1# 0-1


[Site "https://www.chess.com"]

[Event "Titled Tuesday Blitz February 21 Early 2023"]
[White "Karttunen, Mika"]
[Black "Stribuk, Artiom"]
[WhiteFideId "502081"]
[BlackFideId "13515659"]
[WhiteElo "2490"]
[BlackElo "2378"]
[Result "0-1"]
[Round "09"]
[TimeControl "180+2"]
[Date "2023.02.21"]
[WhiteClock "0:01:21"]
[BlackClock "0:01:53"]

1. d4 Nf6 2. c4 c5 3. d5 b5 4. f3 bxc4 5. e4 e6 6. Nc3 exd5 7. e5 d4 8. exf6 d5 9. fxg7 Bxg7 10. Nce2 O-O 11. Ng3 Re8+ 12. Kf2 Nc6 13. Nh3 d3 14. Bxd3 cxd3 15. Qxd3 Bd4+ 16. Kf1 Nb4 0-1


[Site "https://www.chess.com"]

[Event "Titled Tuesday Blitz February 21 Early 2023"]
[White "Skliarov, Viktor"]
[Black "Aggelis, Nikolaos"]
[WhiteFideId "14106736"]
[BlackFideId "4213220"]
[WhiteElo "2383"]
[BlackElo "2270"]
[Result "1/2-1/2"]
[Round "09"]
[TimeControl "180+2"]
[Date "2023.02.21"]
[WhiteClock "0:00:11"]
[BlackClock "0:00:09"]

1. e4 c6 2. d4 d5 3. e5 c5 4. dxc5 e6 5. a3 Bxc5 6. b4 Bb6 7. Qg4 Ne7 8. Qxg7 Rg8 9. Qxh7 Bd4 10. c3 Bxe5 11. Nf3 Rh8 12. Qc2 Bf6 13. Bg5 Nf5 14. Bb5+ Bd7 15. Bxd7+ Nxd7 16. Bxf6 Qxf6 17. Nbd2 O-O-O 18. O-O-O Kb8 19. Kb1 Rc8 20. Rc1 Nb6 21. g4 Nd6 22. g5 Qf4 23. h4 Nbc4 24. Ka2 Nxd2 25. Nxd2 Rxh4 26. Rxh4 Qxh4 27. g6 fxg6 28. Qxg6 Qxf2 29. Rc2 Qf5 30. Qxf5 Nxf5 31. Nf3 d4 32. Kb3 Rxc3+ 33. Rxc3 dxc3 34. Kxc3 Kc7 35. Kc4 Kd6 36. a4 a6 37. a5 Ne3+ 38. Kd4 Nd5 39. Kc4 e5 40. Ng5 Ne3+ 41. Kd3 Nd5 42. Kc4 b5+ 43. axb6 Nxb6+ 44. Kd3 Kd5 45. Ne4 Nd7 46. Nc3+ Kd6 47. Kc4 Nb6+ 48. Kd3 Nd5 49. Ne4+ Kc6 50. Kc4 Nb6+ 51. Kd3 Kb5 52. Nc5 Nd5 53. Ke4 Kxb4 54. Nxa6+ Kb5 55. Kxe5 1/2-1/2


[Site "https://www.chess.com"]

[Event "Titled Tuesday Blitz February 21 Early 2023"]
[White "Aldokhin, Ivan"]
[Black "Bilan, Danila"]
[WhiteFideId "24115720"]
[BlackFideId "24161918"]
[WhiteElo "2413"]
[BlackElo "2303"]
[Result "1-0"]
[Round "09"]
[TimeControl "180+2"]
[Date "2023.02.21"]
[WhiteClock "0:00:05"]
[BlackClock "0:00:01"]

1. e4 c6 2. Nc3 d5 3. d4 dxe4 4. Nxe4 Nf6 5. Nxf6+ exf6 6. c3 Bd6 7. Bd3 h5 8. Ne2 h4 9. h3 Qc7 10. O-O Nd7 11. Kh1 O-O 12. f4 Qd8 13. Qe1 f5 14. Bxf5 Re8 15. Bd3 Nf8 16. Qf2 f5 17. Ng1 Ng6 18. Nf3 Bxf4 19. Bc4+ Be6 20. Bxe6+ Rxe6 21. Bxf4 Nxf4 22. Nxh4 g5 23. Nxf5 Re2 24. Qf3 Rxg2 25. Rg1 Rxg1+ 26. Rxg1 Kf7 27. Nh6+ Kf6 28. Ng4+ Kg7 29. Ne5 Kf6 30. Qg4 Qd5+ 31. Kh2 Rg8 32. Rf1 Qxa2 33. Rf2 Qe6 34. h4 Qxg4 35. Nxg4+ Kf5 36. Nh6+ Ke4 37. Nxg8 gxh4 38. Nf6+ Ke3 39. Ng4+ Ke4 40. Rf1 Nd3 41. Rf7 Nxb2 42. Rxb7 Na4 43. Rc7 Kd5 44. Ne5 Nxc3 45. Nxc6 Nb5 46. Rc8 Nd6 47. Rc7 Nb5 48. Ne7+ Kd6 49. Rb7 Nxd4 50. Rxa7 Nb5 51. Nf5+ Kc5 52. Ra5 Kb4 53. Ra8 Kc5 54. Nxh4 Kd4 55. Nf3+ Ke3 56. Rf8 Nc3 57. Kg2 Ne4 58. Re8 Kf4 59. Ne1 Nc3 60. Nd3+ Kf5 61. Kf3 Kf6 62. Re5 Kg6 63. Rc5 1-0


[Site "https://www.chess.com"]

[Event "Titled Tuesday Blitz February 21 Early 2023"]
[White "Toncheva, Nadya"]
[Black "Skvortsov, Andrei"]
[WhiteFideId "2924056"]
[BlackFideId "24108600"]
[WhiteElo "2295"]
[BlackElo "2313"]
[Result "0-1"]
[Round "09"]
[TimeControl "180+2"]
[Date "2023.02.21"]
[WhiteClock "0:00:02"]
[BlackClock "0:00:52"]

1. d4 Nf6 2. c4 g6 3. Nc3 Bg7 4. e4 O-O 5. Be2 d6 6. Bg5 c5 7. d5 a6 8. Qd2 Re8 9. h4 h5 10. O-O-O b5 11. Bd3 Nbd7 12. Nf3 Ng4 13. Kb1 b4 14. Na4 Nf8 15. b3 Bd7 16. Nb2 a5 17. Bc2 Nh7 18. Nh2 a4 19. Nxa4 Bxa4 20. bxa4 b3 21. Bxb3 Nxh2 22. Rxh2 Qb6 23. Kc1 Reb8 24. Qc2 Qb4 25. Rh3 Nxg5 26. hxg5 Qa3+ 27. Kd2 Be5 28. Ke1 Bf4 29. Kf1 Bxg5 30. Qe2 Bf6 31. Kg1 Kg7 32. Rhd3 Qb4 33. Qf3 Rh8 34. Qe2 g5 35. Rg3 Kf8 36. Rf3 Kg7 37. Rg3 Kf8 38. Rf3 Rh6 39. Rh3 g4 40. Rhd3 Be5 41. Qe3 Rg6 42. Qe2 Kg7 43. Qd2 Qb7 44. Qe2 h4 45. Kf1 Qd7 46. Qe3 Rh8 47. Ke2 h3 48. gxh3 gxh3 49. Rh1 h2 50. Qf3 Rg1 51. Rd1 Rg6 52. Rdf1 Bd4 53. Rd1 Be5 54. Rdf1 Qb7 55. Rd1 Qb4 56. Rc1 Rh4 57. Rcd1 Qa3 58. Rc1 Qxc1 59. Rxc1 Rg1 60. Qf5 h1=Q 61. Qg5+ Rxg5 62. Rxh1 Rxh1 0-1


[Site "https://www.chess.com"]

[Event "Titled Tuesday Blitz February 21 Early 2023"]
[White "Khamdamova, Afruza"]
[Black "Averjanov, Alexey"]
[WhiteFideId "14210444"]
[BlackFideId "14109867"]
[WhiteElo "2162"]
[BlackElo "2399"]
[Result "0-1"]
[Round "09"]
[TimeControl "180+2"]
[Date "2023.02.21"]
[WhiteClock "0:00:21"]
[BlackClock "0:00:44"]

1. e4 c6 2. d4 d5 3. Nc3 dxe4 4. Nxe4 Bf5 5. Ng3 Bg6 6. Nf3 Nd7 7. h4 h6 8. Bd3 Bxd3 9. Qxd3 Ngf6 10. Bf4 e6 11. O-O-O Be7 12. Ne4 Nxe4 13. Qxe4 Nf6 14. Qe2 Qd5 15. Kb1 O-O 16. Ne5 Qe4 17. Qd2 Nd5 18. Bg3 Rad8 19. f3 Qh7 20. Bf2 Bd6 21. Nd3 Qf5 22. Qe2 Nb6 23. g4 Qb5 24. g5 Nd5 25. Ka1 h5 26. g6 fxg6 27. Qxe6+ Kh7 28. Rhg1 Rf6 29. Qe4 Qc4 30. Ne5 Bxe5 31. dxe5 Qxe4 32. fxe4 Rxf2 33. exd5 Rxd5 34. Rxd5 cxd5 35. c3 Re2 36. Kb1 Rxe5 37. Kc2 g5 38. hxg5 Kg6 39. Kd2 Rxg5 40. Re1 h4 41. Kd3 Kf5 42. Rh1 Rh5 43. Ke3 g5 44. Kf2 g4 45. Kg2 Kg5 46. Re1 Kf4 47. Rf1+ Ke3 48. Rf7 h3+ 49. Kg1 g3 50. Rg7 h2+ 51. Kh1 Kf4 52. Rf7+ Rf5 0-1


[Site "https://www.chess.com"]